Map: Catalyst LE

Players

kauP - Winner!

  • Race: Terran Terran
  • Spawn Location: 11:00

HolyHit

  • Race: Protoss Protoss
  • Spawn Location: 5:00

Event: WCS Leipzig 2018

VOD

Have the link to the VOD?

Description

Time

  • Played on: Jan. 26, 2018, 8:09 a.m.
  • Length: 10:41

All games in this series

Show
View Real Time Build Order
Export as new Build Order

kauP Terran - Winner!

Build Orders: Reaper Expand, MMM Bio 

Get SALT Encoding   

  12  0:00  SCV  
  13  0:12  SCV  
  14  0:17  Supply Depot  
  14  0:24  SCV  
  15  0:38  SCV  
  15  0:40  Barracks  
  16  0:45  Refinery  
  16  0:50  SCV  
  17  1:03  SCV  
  18  1:15  SCV  
  19  1:27  Orbital Command  
  19  1:28  Reaper  
  20  1:42  Command Center  
  20  1:52  Barracks  
  20  1:57  SCV  
  21  2:06  Barracks Reactor  
  21  2:07  Supply Depot  
  21  2:09  SCV  
  22  2:19  Barracks  
  22  2:22  SCV  
  23  2:34  SCV  
  24  2:43  Marine x2  
  26  2:44  Barracks Tech Lab  
  26  2:46  SCV  
  25  2:58  Bunker  
  25  3:01  Marine x2  
  25  3:03  Stimpack  
  27  3:14  Orbital Command  
  27  3:16  Engineering Bay  
  27  3:17  Marine  
  27  3:19  Marine x2  
  30  3:38  Marine x3  
  30  3:40  SCV x2  
  35  3:42  Terran Infantry Weapons Level 1  
  37  3:48  Marauder  
  37  3:52  SCV  
  37  3:54  Supply Depot  
  38  3:55  Marine  
  38  3:56  Marine x2  
  38  3:59  SCV  
  42  4:04  SCV  
  45  4:10  Marauder  
  45  4:13  Marine  
  45  4:15  Marine x2  
  45  4:16  Supply Depot  
  48  4:17  SCV  
  48  4:18  SCV, Supply Depot  
  50  4:29  SCV  
  50  4:30  SCV  
  52  4:31  Marine  
  52  4:33  Marine  
  52  4:35  Refinery  
  52  4:38  Marauder  
  56  4:42  SCV  
  56  4:45  Missile Turret  
  56  4:47  Marine  
  56  4:49  Marine  
  58  4:53  SCV  
  58  4:57  Factory  
  58  4:58  Supply Depot  
  58  4:59  Marauder  
  61  5:03  Marine  
  61  5:05  Marine, Combat Shields  
  63  5:08  SCV x2  
  65  5:20  Command Center  
  65  5:24  Marine, Marauder  
  66  5:34  Marine  
  60  5:37  SCV x2  
  56  5:44  Marine x2  
  56  5:46  Marauder  
  56  5:48  Starport  
  58  5:58  Marine  
  58  6:02  Marine  
  58  6:05  Barracks x2  
  58  6:07  Marauder  
  58  6:10  SCV x2, Refinery  
  57  6:12  Barracks Tech Lab  
  57  6:14  Factory Reactor  
  57  6:16  Marine  
  56  6:22  SCV x2  
  56  6:23  Refinery  
  58  6:28  Marauder  
  60  6:34  SCV x2, Terran Infantry Armor Level 1  
  60  6:36  Orbital Command  
  62  6:43  Marauder, Marine  
  62  6:46  SCV x2  
  67  6:49  Starport  
  67  6:50  Marauder  
  69  6:56  Barracks Reactor  
  69  6:57  Factory Reactor  
  69  6:58  SCV x2  
  69  7:00  Barracks Tech Lab  
  71  7:08  Marine x2  
  71  7:09  Marauder  
  71  7:11  Marauder  
  71  7:13  Medivac  
  79  7:20  Viking  
  79  7:22  SCV x2  
  83  7:25  Supply Depot x2  
  83  7:28  Marine x2  
  85  7:30  Orbital Command  
  85  7:31  Supply Depot, Marauder  
  85  7:35  SCV x2  
  89  7:42  Refinery  
  89  7:47  SCV x2  
  90  7:52  Viking x2  
  90  7:56  SCV  
  95  7:59  SCV  
  95  8:02  SCV, Supply Depot  
  96  8:06  Viking  
  96  8:08  SCV  
  99  8:13  SCV  
  99  8:14  Concussive Shells  
  99  8:15  Armory, Engineering Bay  
  99  8:16  SCV  
  99  8:19  Marauder  
  103  8:23  Viking  
  100  8:30  Refinery  
  100  8:31  Viking  
  100  8:33  Marauder  
  107  8:35  Viking  
  107  8:36  Marauder  
  107  8:40  Supply Depot  
  108  8:47  Marine x3, Marauder  
  113  8:50  Supply Depot, Viking  
  113  8:55  Marauder  
  117  8:57  Viking  
  117  9:01  Viking  
  117  9:02  Supply Depot  
  121  9:05  Viking  
  123  9:20  Viking  
  125  9:25  Marauder x2  
  125  9:26  Supply Depot, Marauder  
  125  9:29  Viking  
  133  9:33  Viking  
  133  9:37  Viking  
  136  9:49  Marauder  
  136  9:50  Viking, Marauder x2, Marine  
  146  9:52  SCV  
  144  10:08  Viking  
  144  10:11  Marauder x3  
  152  10:21  Ghost Academy, Barracks  
  152  10:22  Barracks  
Show
View Real Time Build Order
Export as new Build Order

HolyHit Protoss 

Build Orders: 1 Gate Expand, Blink Stalkers 

Get SALT Encoding   

  12  0:00  Probe  
  13  0:12  Probe  
  14  0:18  Pylon  
  14  0:25  Probe (Chrono Boost)  
  15  0:37  Probe (Chrono Boost)  
  15  0:39  Gateway  
  16  0:45  Probe (Chrono Boost)  
  16  0:47  Assimilator  
  17  0:51  Probe (Chrono Boost)  
  18  1:03  Probe (Chrono Boost)  
  19  1:11  Probe (Chrono Boost)  
  20  1:17  Probe  
  21  1:28  Nexus  
  21  1:38  Cybernetics Core  
  21  1:41  Probe  
  21  1:47  Assimilator  
  22  1:54  Pylon  
  22  1:58  Probe  
  23  2:12  Probe  
  23  2:14  Adept (Chrono Boost)  
  26  2:16  Warp Gate  
  26  2:24  Probe  
  26  2:25  Twilight Council  
  27  2:36  Probe  
  27  2:40  Probe  
  26  2:48  Probe  
  26  2:52  Probe (Chrono Boost)  
  26  2:56  Stalker  
  29  3:04  Probe (Chrono Boost)  
  29  3:05  Probe (Chrono Boost)  
  31  3:06  Blink  
  33  3:13  Probe x2 (Chrono Boost)  
  33  3:19  Probe (Chrono Boost)  
  35  3:21  Probe (Chrono Boost)  
  35  3:26  Stalker  
  37  3:32  Probe  
  38  3:34  Probe  
  39  3:43  Robotics Facility  
  39  3:44  Shield Battery  
  39  3:46  Probe (Chrono Boost)  
  41  3:49  Probe (Chrono Boost)  
  41  3:52  Pylon  
  42  3:56  Probe (Chrono Boost)  
  42  4:00  Probe (Chrono Boost)  
  42  4:01  Probe (Chrono Boost)  
  43  4:08  Pylon  
  44  4:12  Gateway  
  44  4:14  Probe  
  44  4:15  Gateway  
  45  4:18  Probe  
  46  4:26  Probe  
  46  4:27  Immortal (Chrono Boost)  
  46  4:31  Stalker  
  53  4:33  Assimilator  
  53  4:37  Assimilator  
  53  4:40  Shield Battery  
  53  4:44  Probe x2  
  55  4:54  Pylon  
  55  4:56  Probe  
  55  4:59  Observer (Chrono Boost)  
  57  5:00  Pylon  
  57  5:01  Forge  
  57  5:04  Sentry  
  59  5:07  Robotics Bay  
  59  5:09  Probe  
  59  5:10  Probe  
  61  5:16  Observer (Chrono Boost)  
  61  5:17  Pylon  
  61  5:21  Stalker  
  61  5:24  Stalker  
  65  5:35  Stalker  
  45  5:44  Probe  
  45  5:46  Stalker  
  45  5:47  Stalker  
  45  5:48  Probe (Chrono Boost)  
  41  5:56  Probe (Chrono Boost)  
  37  6:00  Probe (Chrono Boost)  
  29  6:06  Probe (Chrono Boost)  
  29  6:07  Probe (Chrono Boost)  
  25  6:12  Sentry  
  25  6:17  Probe  
  28  6:21  Sentry  
  28  6:25  Probe (Chrono Boost)  
  31  6:29  Probe (Chrono Boost)  
  32  6:39  Observer  
  34  6:40  Probe (Chrono Boost)  
  34  6:41  Probe (Chrono Boost)  
  34  6:45  Probe (Chrono Boost)  
  35  6:49  Probe (Chrono Boost)  
  35  6:50  Protoss Ground Weapons Level 1  
  36  6:54  Sentry  
  36  6:59  Probe (Chrono Boost)  
  40  7:01  Probe (Chrono Boost)  
  40  7:09  Probe (Chrono Boost)  
  40  7:10  Probe (Chrono Boost)  
  41  7:19  Probe (Chrono Boost)  
  41  7:21  Probe (Chrono Boost)  
  41  7:22  Colossus (Chrono Boost)  
  43  7:24  Probe (Chrono Boost)  
  43  7:28  Probe  
  51  7:33  Probe  
  51  7:36  Stalker  
  54  7:40  Probe  
  54  7:43  Stalker  
  57  7:49  Stalker  
  59  8:05  Colossus (Chrono Boost)  
  59  8:11  Stalker x2  
  68  8:13  Probe  
  68  8:14  Probe  
  70  8:26  Stalker  
  72  8:35  Stalker  
  72  8:36  Stalker  
  72  8:40  Probe x2  
  78  8:48  Pylon  
  78  9:05  Probe  
  78  9:07  Probe  
  79  9:17  Gateway  
  79  9:19  Gateway  
  79  9:20  Nexus  
  79  9:23  Zealot  
  81  9:29  Probe x2  
  83  9:36  Observer, Templar Archives  
  84  9:45  Stalker x2  
  88  9:46  Sentry  
  90  9:59  Immortal  
  94  10:09  Pylon  
  94  10:10  Pylon  
  94  10:14  Pylon  
  94  10:18  Pylon  
  74  10:28  Zealot x3  
  74  10:29  Zealot x2  
Tags
 
Add a new tag
Caveats
  • Supply blocks, unpowered buildings, or Contaminate may cause inaccurate times.
  • Supply counts are checked every 10 seconds.